 Dungeon Sprint DCSS version 0.21-a0-270-g8204059 (webtiles) character file.

3301 Kidiri the Eclecticist (level 9, -3/55 HPs)
             Began as a Deep Elf Fire Elementalist on Sept 13, 2017.
             Was a High Priest of Vehumet.
             Slain by a killer bee (9 damage)
             ... in the Dungeon (Sprint III: "The Ten Rune Challenge").
             The game lasted 00:08:05 (1307 turns).

Kidiri the Eclecticist (Deep Elf Fire Elementalist) Turns: 1307, Time: 00:08:06

Health: -3/55      AC:  2    Str:  5    XL:     9   Next: 70%
Magic:  15/30      EV: 18    Int: 24    God:    Vehumet [*****.]
Gold:   20         SH:  0    Dex: 15    Spells: 14/38 levels left

rFire    . . .     SeeInvis .   b - +0 dagger
rCold    . . .     Gourm    .   (no shield)
rNeg     . . .     Faith    .   a - +0 robe (curse)
rPois    .         Spirit   .   (helmet restricted)
rElec    .         Reflect  .   (no cloak)
rCorr    .         Harm     .   (no gloves)
MR       .....     NoTele   +   (no boots)
Stlth    ++........             (no amulet)
HPRegen  0.18/turn              (no ring)
MPRegen  0.22/turn              (no ring)

@: no status effects
A: horns 1, talons 1, wild magic 1
a: Renounce Religion


You were in the Dungeon.
You worshipped Vehumet.
Vehumet was extremely pleased with you.
You were not hungry.

You visited 1 branch You collected 20 gold pieces.

Inventory:

Hand Weapons
 b - a +0 dagger (weapon)
Missiles
 u - 7 throwing nets (quivered)
Armour
 a - a cursed +0 robe (worn)
Wands
 j - a wand of iceblast (4/15)
 t - a wand of polymorph (6/24)
Scrolls
 i - a scroll of blinking
 l - 2 scrolls of torment
 n - 3 scrolls of amnesia
Potions
 d - 2 potions of curing
 e - a potion of heal wounds
 f - a potion of haste
 g - 2 potions of magic
 h - 2 potions of berserk rage
 k - 3 potions of mutation
 p - a potion of resistance
 r - a potion of might
Comestibles
 c - a bread ration
 m - a royal jelly
 o - a fruit
 q - a meat ration


   Skills:
 + Level 5.7 Fighting
 + Level 7.1 Short Blades
 + Level 5.8 Armour
 + Level 9.0 Dodging
 - Level 2.4 Stealth
 * Level 15.4 Spellcasting
 + Level 9.6 Conjurations
 + Level 10.1 Fire Magic
 + Level 3.8 Earth Magic


You had 14 spell levels left.
You knew the following spells:

 Your Spells              Type           Power        Failure   Level  Hunger
a - Flame Tongue          Conj/Fire      #####        1%          1    None
b - Throw Flame           Conj/Fire      ######       1%          2    None
c - Conjure Flame         Conj/Fire      ######..     1%          3    None
d - Inner Flame           Hex/Fire       ######..     1%          3    None
e - Ignite Poison         Fire/Tmut/Pois #####...     1%          3    None
f - Sticky Flame          Conj/Fire      ######..     1%          4    None
g - Fireball              Conj/Fire      ######....   1%          5    ##.....
h - Stone Arrow           Conj/Erth      ######       1%          3    None


Dungeon Overview and Level Annotations

Branches:
Dungeon (1/1)

Altars:
Cheibriados
Dithmenos
Elyvilon
Fedhas
Gozag
Hepliaklqana
Kikubaaqudgha
Makhleb
Nemelex Xobeh
Okawaru
Qazlal
Ru
Sif Muna
Trog
Uskayaw
Vehumet
Wu Jian
Xom
Yredelemnul
Zin
The Shining One
Beogh
Jiyva
Lugonu

Annotations:
D exclusion: door


Innate Abilities, Weirdness & Mutations

You have a pair of small horns on your head.
You have sharp toenails.
Your spells are a little harder to cast, but a little more powerful.


Message History

Unknown command.
You start resting.
You feel sick. x4
You are no longer poisoned.
A killer bee comes into view.
Casting: Flame Tongue
Confirm with . or Enter, or press ? or * to list all spells.
You can't see any susceptible monsters within range! (Use Z to cast anyway.) Unknown command.
Casting: Flame Tongue
Confirm with . or Enter, or press ? or * to list all spells.
Aiming: Sticky Flame
Press: ? - help, Shift-Dir - straight line, f - killer bee
Aim: a killer bee (hasn't noticed you)
The sticky flame hits the killer bee.
The killer bee is lightly wounded.
The killer bee buzzes angrily.
The killer bee is covered in liquid flames!
The killer bee burns!
The killer bee stings you!
You die...

### __# )_# +## ..# ..# #'#
..#+###########################
..#....#.#.#..))@#..y...'.%.y≈#
..##)#))#.##)###y#yy.y..#%%y≈≈#
..'##.#.#.##.#..##......#


yyy≈≈ ..#...#..#..##§§'y.y....# y≈≈≈ ▓▓▓▓▓▓▓▓▓▓▓▓▓▓▓▓#y....y.# yy% #y......# y%
+.......# y #.......# ##+###### You could see a killer bee (burning).

Vanquished Creatures
  Erolcha (D)
  A deep elf mage (D)
  A shadow (D)
  2 redbacks (D)
  A spatial vortex (D)
  A necrophage (D)
  5 two-headed ogres (D)
  A water elemental (D)
  7 killer bees (D)
  A jelly (D)
  A wizard (D)
  A necromancer (D)
  3 humans (D)
  A kobold demonologist (D)
  2 oozes (D)
  A phantom (D)
  2 rats (D)
32 creatures vanquished.

Vanquished Creatures (others)
  2 draconian scorchers (D)
  6 hellions (D)
  A yaktaur (D)
9 creatures vanquished.

Grand Total: 41 creatures vanquished

Notes
Turn   | Place    | Note
-------+----------+-------------------------------------------
     0 | D        | Kidiri the Deep Elf Fire Elementalist began the quest for the Orb.
     0 | D        | Reached XP level 1. HP: 10/10 MP: 6/6
     3 | D        | Reached skill level 4 in Spellcasting
    35 | D        | Reached skill level 5 in Spellcasting
    35 | D        | Reached XP level 2. HP: 15/15 MP: 5/10
    39 | D        | Learned a level 2 spell: Throw Flame
    71 | D        | Killed a yaktaur
    75 | D        | Killed a hellion
    75 | D        | Killed a hellion
    76 | D        | Killed a hellion
   111 | D        | Killed a hellion
   123 | D        | Gained mutation: You are partially covered in icy blue scales. (AC +2) [potion of mutation]
   123 | D        | Gained mutation: You have sharp toenails. [potion of mutation]
   124 | D        | Lost mutation: You are partially covered in icy blue scales. (AC +2) [potion of mutation]
   124 | D        | Lost mutation: You have sharp toenails. [potion of mutation]
   124 | D        | Gained mutation: You have a pair of small horns on your head. [potion of mutation]
   124 | D        | Gained mutation: Your spells are a little harder to cast, but a little more powerful. [potion of mutation]
   124 | D        | Gained mutation: You have sharp toenails. [potion of mutation]
   135 | D        | Killed a hellion
   142 | D        | Killed a hellion
   161 | D        | Reached skill level 6 in Spellcasting
   161 | D        | Reached XP level 3. HP: 19/19 MP: 3/13
   166 | D        | Learned a level 3 spell: Conjure Flame
   170 | D        | Learned a level 3 spell: Inner Flame
   201 | D        | Killed a white draconian scorcher
   224 | D        | Killed a white draconian scorcher
   230 | D        | Noticed a water elemental
   235 | D        | Killed a water elemental
   235 | D        | Reached skill level 8 in Spellcasting
   235 | D        | Reached skill level 5 in Fire Magic
   235 | D        | Reached XP level 4. HP: 24/24 MP: 5/16
   241 | D        | Learned a level 4 spell: Sticky Flame
   305 | D        | Found a radiant altar of Vehumet.
   306 | D        | Found a deep blue altar of Sif Muna.
   306 | D        | Found an ancient bone altar of Kikubaaqudgha.
   306 | D        | Noticed a wizard
   310 | D        | Killed a wizard
   310 | D        | Reached skill level 9 in Spellcasting
   310 | D        | Reached skill level 5 in Conjurations
   312 | D        | Reached XP level 5. HP: 25/28 MP: 0/19
   340 | D        | Learned a level 5 spell: Fireball
   341 | D        | Became a worshipper of Vehumet
   427 | D        | Found a glowing silver altar of Zin.
   428 | D        | Found a glowing golden altar of the Shining One.
   428 | D        | Found a white marble altar of Elyvilon.
   428 | D        | Noticed a deep elf mage
   440 | D        | Killed a deep elf mage
   440 | D        | Reached skill level 5 in Dodging
   440 | D        | Reached skill level 12 in Spellcasting
   440 | D        | Reached XP level 6. HP: 23/37 MP: 13/23
   440 | D        | Reached XP level 7. HP: 25/41 MP: 13/24
   562 | D        | Found an ornate altar of the Wu Jian Council.
   562 | D        | Found a roughly hewn altar of Beogh.
   562 | D        | Found an iron altar of Okawaru.
   562 | D        | Found a bloodstained altar of Trog.
   562 | D        | Found a hide-covered altar of Uskayaw.
   562 | D        | Noticed a human
   565 | D        | Noticed a human
   570 | D        | Killed a human
   576 | D        | Killed a human
   576 | D        | Reached * piety under Vehumet
   576 | D        | Offered knowledge of Shock by Vehumet.
   653 | D        | Found a basalt altar of Yredelemnul.
   653 | D        | Found a shadowy altar of Dithmenos.
   653 | D        | Found a sacrificial altar of Ru.
   658 | D        | Reached skill level 13 in Spellcasting
   701 | D        | Reached ** piety under Vehumet
   701 | D        | Reached XP level 8. HP: 48/48 MP: 20/27
   707 | D        | Reached skill level 5 in Short Blades
   774 | D        | Found a blossoming altar of Fedhas.
   774 | D        | Found a stormy altar of Qazlal.
   774 | D        | Found a snail-covered altar of Cheibriados.
   774 | D        | Found a burning altar of Makhleb.
   774 | D        | Found a shimmering altar of Xom.
   775 | D        | Found a hazy altar of Hepliaklqana.
   775 | D        | Found an opulent altar of Gozag.
   775 | D        | Found a sparkling altar of Nemelex Xobeh.
   775 | D        | Found a corrupted altar of Lugonu.
   775 | D        | Found a viscous altar of Jiyva.
   802 | D        | Offered knowledge of Searing Ray by Vehumet.
   931 | D        | Reached *** piety under Vehumet
  1031 | D        | Noticed a two-headed ogre
  1039 | D        | Killed a two-headed ogre
  1039 | D        | Offered knowledge of Stone Arrow by Vehumet.
  1039 | D        | Reached skill level 14 in Spellcasting
  1044 | D        | Learned a level 3 spell: Stone Arrow
  1083 | D        | Noticed a two-headed ogre
  1083 | D        | Noticed Erolcha
  1102 | D        | Killed a two-headed ogre
  1102 | D        | Offered knowledge of Ignite Poison by Vehumet.
  1102 | D        | Reached skill level 5 in Fighting
  1102 | D        | Reached skill level 5 in Armour
  1102 | D        | Reached skill level 1 in Earth Magic
  1102 | D        | Reached XP level 9. HP: 38/54 MP: 14/29
  1103 | D        | Killed Erolcha
  1103 | D        | Reached **** piety under Vehumet
  1103 | D        | Reached skill level 15 in Spellcasting
  1108 | D        | Learned a level 3 spell: Ignite Poison
  1186 | D        | Offered knowledge of Irradiate by Vehumet.
  1186 | D        | Reached skill level 10 in Fire Magic
  1281 | D        | Reached ***** piety under Vehumet
  1307 | D        | Slain by a killer bee

Vault maps used:
D:        dungeon_sprint_mu

Skill      XL: |  1  2  3  4  5  6  7  8  9 |
---------------+----------------------------+-----
Spellcasting   | 5 6 8 9 12 13 14 15 | 15.4
Conjurations   | 2 3 4 5 7 8 9 |  9.6
Fire Magic     | 4 5 6 7 8 9 10 | 10.1
Fighting       | 3 4 5 |  5.7
Short Blades   | 3 4 6 7 |  7.1
Armour         | 3 4 5 |  5.8
Dodging        | 5 6 7 9 |  9.0
Earth Magic    | 1 3 |  3.8
Stealth        | |  2.4

Action                   |  1- 3 |  4- 6 |  7- 9 || total
-------------------------+-------+-------+-------++-------
Melee: Unarmed           |       |       |     3 ||     3
 Cast: Flame Tongue      |    13 |     1 |    92 ||   106
       Throw Flame       |     2 |       |       ||     2
       Conjure Flame     |     1 |       |    11 ||    12
       Sticky Flame      |       |     3 |     4 ||     7
       Inner Flame       |       |       |     5 ||     5
  Use: Scroll            |     4 |       |       ||     4
       Potion            |     2 |       |       ||     2
  Eat: Chunk             |       |       |     1 ||     1
Armor: Robe              |       |     1 |       ||     1
Dodge: Dodged            |       |     2 |    24 ||    26

Table legend:
 A = Spawn XP
 B = Non-spawn XP
 C = Spawn XP percentage of total XP
 D = Spawn monster count
 E = Non-spawn monster count
 F = Spawn count percentage of total count
 G = Total turns spent on level
                    A         B        C        D         E        F      G
               +---------+---------+-------+---------+---------+-------+---------
         Total |       0 |    4716 |   0.0 |       0 |      32 |   0.0 |  1307
               +---------+---------+-------+---------+---------+-------+---------
             D |       0 |    4716 |   0.0 |       0 |      32 |   0.0 |  1307
               +---------+---------+-------+---------+---------+-------+---------
